 Dungeon Crawl Stone Soup version 0.28-a0-514-g0d7ab7f379 (webtiles) character file.

Game seed: 9722141087929229251

16501 Rennog the Severer (level 12, -7/111 HPs)
             Began as a Hill Orc Fighter on Sept 22, 2021.
             Was a Believer of Beogh.
             Mangled by a catoblepas (10 damage)
             ... while petrified by a catoblepas
             ... on level 2 of the Lair of Beasts.
             The game lasted 00:27:15 (16835 turns).

Rennog the Severer (Hill Orc Fighter)              Turns: 16835, Time: 00:27:16

Health: -7/111     AC: 23    Str: 21    XL:     12   Next: 38%
Magic:  18/18      EV:  2    Int: 11    God:    Beogh [**....]
Gold:   685        SH:  0    Dex: 17    Spells: 11/11 levels left

rFire   + . .      SeeInvis +   a - +0 war axe
rCold   + . .      Faith    .   C - +0 kite shield
rNeg    + + +      Spirit   .   s - +0 plate armour
rPois   ∞          Reflect  .   X - +2 hat {Will+}
rElec   .          Harm     .   h - scarf {rC+ rF+}
rCorr   .          Rampage  .   A - +0 pair of gloves
Will    +....                   f - +0 pair of boots "Meshre" {Int+3 Dex+4}
Stlth   ..........              (no amulet)
HPRegen 0.28/turn               m - ring of see invisible
MPRegen 0.16/turn               l - +4 ring of protection

@: petrified
A: no striking features
a: Renounce Religion, Smiting


You were on level 2 of the Lair of Beasts.
You worshipped Beogh.
Beogh was pleased with you.
You visited 2 branches of the dungeon, and saw 13 of its levels.

You collected 685 gold pieces.

Inventory:

Hand Weapons
 a - a +0 war axe (weapon)
 L - the +3 falchion of Change {speed, rElec rPois Str-2}
   (You found it on level 10 of the Dungeon)

   Attacks with this weapon are significantly faster.
   Str:       It affects your strength (-2).
   rElec:     It insulates you from electricity.
   rPois:     It protects you from poison.
Armour
 f - the +0 pair of boots "Meshre" (worn) {Int+3 Dex+4}
   (You found it on level 11 of the Dungeon)

   Int:       It affects your intelligence (+3).
   Dex:       It affects your dexterity (+4).
 h - a scarf of resistance (worn)
 s - a +0 plate armour (worn)
 A - a +0 pair of gloves (worn)
 C - a +0 kite shield (worn)
 E - a +2 helmet
 X - a +2 hat of willpower (worn)
Jewellery
 l - a +4 ring of protection (right hand)
 m - a ring of see invisible (left hand)
 p - an amulet of magic regeneration
 z - a +6 ring of intelligence
 N - a ring of fire
 U - a ring of protection from cold
Wands
 c - a wand of digging (6)
 i - a wand of iceblast (20)
 k - a wand of flame (10)
 r - a wand of polymorph (2)
 y - a wand of paralysis (3)
 M - a wand of acid (20)
 R - a wand of mindburst (28)
Scrolls
 b - a scroll of holy word {unknown}
 e - 2 scrolls of enchant weapon {unknown}
 n - a scroll of immolation {unknown}
 q - a scroll of enchant armour
 t - 3 scrolls of noise
 x - a scroll of brand weapon {unknown}
 D - 2 scrolls of fog {unknown}
 F - a scroll of summoning
 H - 8 scrolls of identify
 O - 2 scrolls of blinking {unknown}
 Q - 2 scrolls of magic mapping {unknown}
 T - 2 scrolls of amnesia {unknown}
 V - a scroll of vulnerability {unknown}
 W - a scroll of teleportation
Potions
 d - 2 potions of mutation {unknown}
 j - 4 potions of haste {unknown}
 o - 2 potions of degeneration {unknown}
 u - 2 potions of magic {unknown}
 v - a potion of brilliance
 w - 2 potions of lignification {unknown}
 B - 7 potions of curing
 G - a potion of flight {unknown}
 I - a potion of might
 J - a potion of cancellation {unknown}
 K - a potion of resistance {unknown}
 P - a potion of invisibility {unknown}
 S - a potion of heal wounds


   Skills:
 + Level 11.7 Fighting
 * Level 16.9 Axes
 + Level 10.8 Armour
 + Level 2.8 Dodging
 - Level 3.2 Shields
 + Level 8.2 Invocations


You had 11 spell levels left.
You didn't know any spells.
Your spell library contained the following spells:

 Spells                   Type           Power      Damage    Failure   Level
 Slow                     Hex            0%         N/A       100%        2
 Sublimation of Blood     Necr           0%         N/A       100%        2
 Confusing Touch          Hex            0%         N/A       100%        3
 Dazzling Flash           Conj/Hex       0%         N/A       100%        3
 Vampiric Draining        Necr           0%         2d6       100%        3
 Fulminant Prism          Conj/Hex       0%         3d6       100%        4
 Iskenderun's Mystic Bla  Conj/Tloc      0%         2d3       100%        4
 Petrify                  Tmut/Erth      0%         N/A       100%        4
 Agony                    Necr           0%         N/A       100%        5
 Irradiate                Conj/Tmut      0%         3d13      100%        5
 Lee's Rapid Deconstruct  Erth           0%         3d5*      100%        5
 Silence                  Hex/Air        0%         N/A       100%        5


Dungeon Overview and Level Annotations

Branches:
Dungeon (11/15)            Temple (0/1) D:5            Lair (2/6) D:9
 Spider (0/4) Lair:2
  Swamp: Lair:2-4    Shoals: Lair:2-4       Orc: D:9-12

Altars:
Elyvilon
Hepliaklqana
Makhleb
Okawaru
Ru
Trog
Uskayaw
Wu Jian
Xom
Yredelemnul
The Shining One
Beogh

Annotations:
D:5 3 runed translucent doors, meatgazer's ghost, amateur DsAK
D:7 Joseph
D:8 Grum; Harold


Message History

The catoblepas gores you!
You are engulfed in calcifying dust.
The blink frog blinks!
The elephant tramples you but does no damage.
The elephant trunk-slaps you but does no damage.
The catoblepas gores you!!
* * * LOW HITPOINT WARNING * * *
The elephant tramples you but does no damage.
The elephant trunk-slaps you but does no damage.
The catoblepas gores you!
* * * LOW HITPOINT WARNING * * *
The blink frog blinks!
The elephant tramples you.
* * * LOW HITPOINT WARNING * * *
You hold your ground!
The elephant trunk-slaps you but does no damage.
The blink frog blinks!
The catoblepas gores you but does no damage.
The elephant tramples you but does no damage.
The elephant trunk-slaps you but does no damage.
The catoblepas gores you!!
* * * LOW HITPOINT WARNING * * *
The elephant tramples you but does no damage.
The elephant trunk-slaps you but does no damage.
The catoblepas gores you.
* * * LOW HITPOINT WARNING * * *
The elephant tramples you.
* * * LOW HITPOINT WARNING * * *
You hold your ground!
The elephant trunk-slaps you but does no damage.
The catoblepas breathes a plume of calcifying dust at you.
The blast of calcifying dust hits you.
* * * LOW HITPOINT WARNING * * *
You are engulfed in calcifying dust.
The elephant tramples you but does no damage.
The elephant trunk-slaps you.
* * * LOW HITPOINT WARNING * * *
The catoblepas gores you but does no damage.
You are engulfed in calcifying dust.
The elephant barely misses you.
The elephant trunk-slaps you but does no damage.
The blink frog blinks!
The catoblepas gores you!!
You die...

.#.#...##..#.......##...#
.#)#..#..#.#...........÷
..#.#.###..#......#÷.÷.÷
###.#.#####........#...##
##(#.#.#.###.#......#...##
####..##.##..#.##.....#..>..#
...#.#.#....................
#.#.#.#.#######...[........
#..#....#§@Y§.#............
#....##.#Y###.#............
#.#####.'.#/+.#..##..P....# #...#
#.#.###.#............
#.#.##..#P...P#............
#######.###.#.#######............
.................................
..#.....#....... ................
....#....#....... #.........####.


You could see a catoblepas and an elephant.

Vanquished Creatures
  Gastronok (Lair:1)
  A hydra (Lair:2)
  A two-headed ogre (D:11)
  4 elephants
  A black mamba (Lair:2)
  A cane toad (Lair:2)
  Maggie (D:7)
  2 komodo dragons
  A rime drake (Lair:1)
  A hornet (D:9)
  A meliai zombie (D:11)
  A shadow (D:10)
  Sigmund (D:4)
  15 yaks (Lair:1)
  Eustachio (D:5)
  A wyvern (D:9)
  2 wraiths
  A vampire (D:11)
  8 vampire mosquitoes
  3 acid dragons
  14 water moccasins
  A hornet zombie (D:8)
  2 sky beasts
  3 orc warriors
  An ice beast (D:7)
  2 swamp drakes (D:11)
  3 black bears
  6 wolves
  9 centaurs
  2 kobold brigands
  6 bullfrogs
  2 scorpions
  A water moccasin zombie (D:5)
  3 gnoll sergeants (D:5)
  A water moccasin skeleton (D:3)
  A wight (D:5)
  4 centaur zombies
  A hound (D:5)
  2 centaur skeletons
  A gnoll shaman (D:7)
  2 iguanas
  5 hell rats (Lair:2)
  2 orc wizards
  Natasha (thrice) (D:2)
  A killer bee zombie (D:7)
  2 howler monkey zombies
  3 gnolls (D:7)
  8 adders
  A shadow imp (D:5)
  A white imp (D:7)
  An adder skeleton (D:5)
  4 worms
  3 dart slugs
  21 orcs
  4 bats
  7 endoplasms
  3 giant cockroaches
  13 goblins
  8 hobgoblins
  5 jackals
  3 quokkas
  5 ball pythons
  4 frilled lizards
  12 kobolds
  8 rats
242 creatures vanquished.

Vanquished Creatures (collateral kills)
  A two-headed ogre (D:11)
  A vampire mosquito (D:11)
  2 centaurs (D:11)
4 creatures vanquished.

Vanquished Creatures (others)
  10 fungi
  38 plants
48 creatures vanquished.

Grand Total: 294 creatures vanquished

Notes
Turn   | Place    | Note
-------+----------+-------------------------------------------
     0 | D:1      | Rennog the Hill Orc Fighter began the quest for the Orb.
     0 | D:1      | Reached XP level 1. HP: 19/19 MP: 1/1
    54 | D:1      | Reached skill level 3 in Axes
   261 | D:1      | Reached XP level 2. HP: 27/27 MP: 2/2
   973 | D:2      | Reached XP level 3. HP: 28/33 MP: 3/3
  1104 | D:2      | Reached skill level 4 in Axes
  1288 | D:2      | Noticed Natasha
  1295 | D:2      | Killed Natasha
  1296 | D:2      | Reached XP level 4. HP: 28/41 MP: 4/4
  1548 | D:2      | You fall into a shaft and drop 1 floor!
  1638 | D:3      | Reached skill level 5 in Axes
  1901 | D:3      | Reached XP level 5. HP: 40/47 MP: 5/5
  2295 | D:2      | Noticed Natasha
  2309 | D:2      | Killed Natasha
  2666 | D:2      | Noticed Natasha
  2676 | D:2      | Killed Natasha
  2677 | D:2      | Reached skill level 5 in Fighting
  2677 | D:2      | Reached skill level 6 in Axes
  2677 | D:2      | Reached XP level 6. HP: 45/56 MP: 6/6
  3516 | D:3      | Found a basalt altar of Yredelemnul.
  4282 | D:4      | Noticed Sigmund
  4298 | D:4      | Killed Sigmund
  4299 | D:4      | Reached skill level 7 in Axes
  4299 | D:4      | Reached skill level 5 in Armour
  4299 | D:4      | Reached XP level 7. HP: 19/61 MP: 7/7
  4617 | D:4      | Found a hazy altar of Hepliaklqana.
  4619 | D:4      | Found a white marble altar of Elyvilon.
  4722 | D:5      | Entered Level 5 of the Dungeon
  5019 | D:5      | Reached skill level 8 in Axes
  5211 | D:5      | Found a runed translucent gate.
  5211 | D:5      | Noticed meatgazer's ghost (amateur DsAK)
  5212 | D:5      | Found a runed translucent gate.
  5214 | D:5      | Found a runed translucent gate.
  5215 | D:5      | Found a roughly hewn altar of Beogh.
  5241 | D:5      | Noticed Eustachio
  5380 | D:5      | Reached XP level 8. HP: 57/71 MP: 8/8
  5901 | D:5      | Reached skill level 9 in Axes
  5917 | D:5      | Killed Eustachio
  6336 | D:5      | Found a staircase to the Ecumenical Temple.
  6404 | D:5      | Reached skill level 10 in Axes
  6437 | D:5      | Found a glowing golden altar of the Shining One.
  6685 | D:6      | You fall into a shaft and drop 1 floor!
  6685 | D:7      | Noticed Maggie
  6694 | D:7      | Killed Maggie
  6695 | D:7      | Reached XP level 9. HP: 38/80 MP: 9/9
  6699 | D:7      | Noticed a +0 falchion
  6700 | D:7      | Noticed a +0 dagger
  6701 | D:7      | Noticed a +0 spear
  6712 | D:7      | Noticed a +0 short sword
  6713 | D:7      | Noticed a +0 falchion
  6713 | D:7      | Noticed a +0 short sword
  6713 | D:7      | Noticed a +0 dagger
  6714 | D:7      | Noticed a +0 spear
  6726 | D:7      | Found a hide-covered altar of Uskayaw.
  6772 | D:7      | Reached skill level 11 in Axes
  6904 | D:7      | Found a shimmering altar of Xom.
  6939 | D:7      | Noticed Joseph
  7452 | D:6      | Found a bloodstained altar of Trog.
  7590 | D:6      | Became a worshipper of Beogh the Brigand
  7712 | D:7      | Found a sacrificial altar of Ru.
  7712 | D:7      | Found an ornate altar of the Wu Jian Council.
  8169 | D:8      | Found an iron altar of Okawaru.
  8213 | D:8      | Noticed Harold
  8250 | D:7      | Reached skill level 12 in Axes
  8624 | D:8      | Noticed an unseen horror
  9037 | D:9      | Noticed a hornet
  9042 | D:9      | Paralysed by a hornet for 1 turns
  9043 | D:9      | Killed a hornet
  9252 | D:9      | Reached skill level 1 in Invocations
  9252 | D:9      | Reached XP level 10. HP: 91/91 MP: 10/10
  9406 | D:9      | Reached skill level 13 in Axes
 10286 | D:9      | Found a staircase to the Lair.
 10390 | D:10     | Entered Level 10 of the Dungeon
 10496 | D:10     | Found a burning altar of Makhleb.
 10676 | D:10     | Identified the +3 falchion of Change {speed, rElec rPois
                  | Str-2}
 11796 | D:8      | Noticed Grum
 11848 | D:8      | You fall into a shaft and drop 3 floors!
 11848 | D:11     | Noticed a two-headed ogre
 11848 | D:11     | Noticed an unseen horror
 11865 | D:11     | Killed a two-headed ogre
 11866 | D:11     | Reached skill level 14 in Axes
 11873 | D:11     | Reached skill level 10 in Fighting
 12714 | D:11     | Reached skill level 5 in Invocations
 12721 | D:11     | Noticed a two-headed ogre
 12850 | D:11     | Reached XP level 11. HP: 89/100 MP: 14/14
 12956 | D:11     | Killed a two-headed ogre
 12988 | D:11     | Reached skill level 15 in Axes
 12991 | D:11     | Reached * piety under Beogh
 13097 | D:11     | Identified the +0 pair of boots "Meshre" {Int+3 Dex+4}
 14041 | Lair:1   | Entered Level 1 of the Lair of Beasts
 14303 | Lair:1   | Reached skill level 10 in Armour
 14441 | Lair:1   | Noticed Gastronok
 14469 | Lair:1   | Killed Gastronok
 14470 | Lair:1   | Reached skill level 16 in Axes
 14470 | Lair:1   | Reached skill level 1 in Dodging
 15049 | Lair:1   | Reached XP level 12. HP: 110/110 MP: 17/17
 15460 | Lair:2   | Reached ** piety under Beogh
 15792 | Lair:2   | Noticed a six-headed hydra
 16130 | Lair:2   | Found a hole to the Spider Nest.
 16429 | Lair:2   | Killed a six-headed hydra
 16817 | Lair:2   | Noticed a catoblepas
 16833 | Lair:2   | HP: 3/111 [catoblepas/blast of calcifying dust (3)]
 16835 | Lair:2   | Mangled by a catoblepas

Illustrated notes

Levels and vault maps discovered:
D:1:      dpeg_arrival_ratfight, layout_basic, serial_curves, eino_curves_01,
          eino_curves_04
D:2:      layout_basic, minmay_misc_feat_room, minmay_domino_4, uniq_natasha
D:3:      cheibrodos_greedy_goblins, layout_basic, lemuel_round_altar,
          minmay_tree_intersection, st_stairs_8, minmay_puff
D:4:      layout_basic, minitemple, uniq_sigmund
D:5:      layout_basic, tso_oasis_becter, minmay_temple_entry_statues_fountains,
          biasface_ghost_orc_armoury, mrwooster_statue_mirror, sword_in_stone
D:6:      layout_gridville, mainiacjoe_overflow_alcove_1
D:7:      layout_basic, xom_teletrap_fun, grunt_temple_overflow_open,
          nicolae_uskayaw_en_pointe, enter_ossuary_3, uniq_maggie, uniq_joseph
D:8:      layout_basic, mainiacjoe_overflow_concentric_impassable,
          kennysheep_okawaru_gauntlet, minmay_fractal_squares_diagonal_5,
          uniq_harold, uniq_grum
D:9:      layout_loops_ring, david_lair_shrubbed
D:10:     layout_stronghold, mainiacjoe_overflow_paths
D:11:     dragon1_lemuel, layout_loops_cross, gauntlet_entry_generic,
          minmay_misc_feat_nine_boxes, pond
Lair:1:   layout_big_grid, uniq_gastronok
Lair:2:   layout_gridlike, nicolae_spider_entry_orb_guardian, fungi_pond_lemuel,
          minmay_shattered_shrine

Skill      XL: |  1  2  3  4  5  6  7  8  9 10 11 12 |
---------------+-------------------------------------+-----
Axes           | 3 4 5 6 7 8 10 12 14 16 | 16.9
Fighting       | 4 5 6 7 9 10 11 | 11.7
Armour         | 4 5 6 8 9 10 | 10.8
Invocations    | 1 5 7 8 |  8.2
Dodging        | 1 2 |  2.8
Shields        | |  3.2

Action                   |  1- 3 |  4- 6 |  7- 9 | 10-12 || total
-------------------------+-------+-------+-------+-------++-------
Melee: War axe           |    69 |   190 |   359 |   566 ||  1184
Invok: Convert to Beogh  |       |       |     1 |       ||     1
Evoke: Wand              |       |       |     6 |    14 ||    20
  Use: Potion            |       |       |     2 |     1 ||     3
       Scroll            |       |       |     7 |     6 ||    13
 Stab: Paralysed         |       |       |     3 |       ||     3
       Confused          |       |       |       |     1 ||     1
Armor: Scale mail        |    32 |    55 |       |       ||    87
       Skin              |       |     6 |       |       ||     6
       Plate armour      |       |    18 |   212 |   554 ||   784
Dodge: Dodged            |    17 |    82 |    69 |   131 ||   299
Block: Buckler           |    17 |    34 |    22 |       ||    73
       Kite shield       |       |       |   100 |   321 ||   421

Table legend: (Time is in decaauts)
 A = Elapsed time spent in this place.
 B = Non-inter-level travel time spent in this place.
 C = Inter-level travel time spent in this place.
 D = Time resting spent in this place.
 E = Time spent auto-exploring this place.
 F = Levels seen in this place.
 G = Mean time per level.
                   A        B        C        D        E       F      G
               +--------+--------+--------+--------+--------+-----+--------+
         Total |  16996 |  15921 |   1075 |   2021 |  11048 |  13 | 1307.4 |
       Dungeon |  14296 |  13363 |    933 |   1615 |   9370 |  11 | 1299.6 |
          Lair |   2699 |   2558 |    141 |    406 |   1678 |   2 | 1349.5 |
               +--------+--------+--------+--------+--------+-----+--------+

Top non-repeatable levels by time:
    D:10: 2248 daAuts
     D:5: 1592 daAuts
     D:2: 1585 daAuts
     D:9: 1552 daAuts
  Lair:1: 1392 daAuts
  Lair:2: 1307 daAuts
     D:4: 1300 daAuts
    D:11: 1268 daAuts
     D:3: 1247 daAuts
     D:8: 1010 daAuts
     D:1: 982 daAuts
     D:6: 794 daAuts
     D:7: 713 daAuts
